 Dungeon Crawl Stone Soup version 0.28-a0-206-gc2c9e32840 (webtiles) character file.

Game seed: 13725415572030168768

198 bande the Shield-Bearer (level 5, -6/33 HPs)
             Began as a Gargoyle Fighter on Aug 20, 2021.
             Killed by divine providence
             ... invoked by an orc priest
              (14 damage)
             ... on level 2 of the Dungeon.
             The game lasted 00:04:13 (2200 turns).

bande the Shield-Bearer (Gargoyle Fighter)          Turns: 2200, Time: 00:04:14

Health: -6/33      AC: 11    Str: 19    XL:     5   Next: 77%
Magic:  5/5        EV: 11    Int:  9    God:
Gold:   63         SH:  8    Dex: 10    Spells: 4/4 levels left

rFire   . . .      SeeInvis .   a - +1 war axe
rCold   . . .      Faith    .   c - +0 kite shield
rNeg    + . .      Spirit   .   b - +0 scale mail
rPois   ∞          Reflect  .   (no helmet)
rElec   +          Harm     .   (no cloak)
rCorr   .          Rampage  .   (no gloves)
Will    .....                   (no boots)
Stlth   ..........              (no amulet)
HPRegen 0.11/turn               e - +4 ring of evasion
MPRegen 0.09/turn               (no ring)

@: no status effects
A: sickness immunity, AC +4, negative energy resistance 1, electricity
resistance, torment resistance 1, petrification resistance
a: no special abilities


You were on level 2 of the Dungeon.
You visited 1 branch of the dungeon, and saw 3 of its levels.

You collected 63 gold pieces.

Inventory:

Hand Weapons
 a - a +1 war axe (weapon)
Armour
 b - a +0 scale mail (worn)
 c - a +0 kite shield (worn)
Jewellery
 e - a +4 ring of evasion (left hand)
Scrolls
 g - a scroll of summoning
Potions
 d - 2 potions of might
 f - 2 potions of flight


   Skills:
 + Level 3.9 Fighting
 + Level 3.3 Axes
 + Level 3.8 Armour
 + Level 1.1 Dodging
 + Level 4.7 Shields


You had 4 spell levels left.
You didn't know any spells.
Your spell library was empty.

Dungeon Overview and Level Annotations

Branches:
Dungeon (3/15)

Altars:


Innate Abilities, Weirdness & Mutations

You are immune to sickness and miasma.
Your stone body is resilient. (AC +4)
You are immune to poison.
You resist negative energy. (rN+)
You are resistant to electric shocks. (rElec)
You are resistant to unholy torment.
You are immune to petrification.


Message History

Reactivating autopickup.
There is a stone staircase leading down here.
You closely miss the hobgoblin.
The hobgoblin is moderately wounded.
You block the hobgoblin's attack.
You slash the hobgoblin!
You kill the hobgoblin!
You start resting.
HP restored.
There is a stone staircase leading down here.
You climb downwards.
There is a stone staircase leading up here.
The orc wizard gestures at you while chanting.
The puff of flame misses you.
Unknown command.
There is a stone staircase leading up here.
The orc priest closely misses you.
You climb upwards.
There is a stone staircase leading down here.
You barely miss the orc priest.
The orc priest hits you but does no damage.
The orc priest mumbles some strange prayers to Beogh against you.
Beogh smites you!
You barely miss the orc priest.
The orc priest looks encouraged for a moment.
You slash the orc priest!
The orc priest is severely wounded.
The orc priest invokes the aid of Beogh against you.
Beogh smites you!
* * * LOW HITPOINT WARNING * * *
You block the orc priest's attack.
You completely miss the orc priest.
The orc priest is severely wounded.
You block the orc priest's attack.
You barely miss the orc priest.
The orc priest is severely wounded.
You block the orc priest's attack.
The orc priest calls down the wrath of Beogh upon you.
Beogh smites you!
You die...

.......<#.# #.##♣♣........♣♣♣.##
........#.###.##♣...♣...♣♣..♣..#
...(.#......#..#♣.♣♣♣.⌠.♣♣♣♣.#.#
##..(...#...##.#.♣♣ ♣...♣ #.#.#
#......#(..##...# #♣.♣.♣♣♣#.#.#
#......#...###..# ♣..♣♣..♣#.#.#
##......#######..# ♣.♣♣♣♣.♣#.#.#
(.......# ##...o# ♣.♣ ♣.♣#.#.#
.######## #....@# ♣.♣♣ ♣♣.#.#.#
.# #....###♣..♣ ♣...#.# .#
#.(.....♣♣.♣ ###.#.# .#
#.#####..♣.♣# #.#.# .# #.#
##..♣.# #.#.# .# #.# #....#
#.#.# .# #.# ###### #.#.# .# #.#
#.#.# .# #.# #.#.#


You could see an orc priest.

Vanquished Creatures
  Sigmund (D:2)
  An adder (D:2)
  A worm (D:2)
  An orc (D:3)
  A ball python (D:2)
  3 endoplasms
  2 giant cockroaches
  3 goblins
  2 hobgoblins
  4 bats
  A frilled lizard (D:1)
  2 kobolds (D:2)
  6 rats
28 creatures vanquished.

Notes
Turn   | Place    | Note
-------+----------+-------------------------------------------
     0 | D:1      | bande the Gargoyle Fighter began the quest for the Orb.
     0 | D:1      | Reached XP level 1. HP: 14/14 MP: 1/1
   363 | D:1      | Reached XP level 2. HP: 19/19 MP: 2/2
  1128 | D:2      | Reached XP level 3. HP: 22/23 MP: 3/3
  1174 | D:2      | Found a faded altar of an unknown god.
  1427 | D:2      | Noticed Sigmund
  1438 | D:2      | Killed Sigmund
  1439 | D:2      | Reached skill level 1 in Dodging
  1439 | D:2      | Reached skill level 4 in Shields
  1439 | D:2      | Reached XP level 4. HP: 4/29 MP: 4/4
  1439 | D:2      | Reached XP level 5. HP: 4/33 MP: 5/5
  2200 | D:2      | Killed from afar by an orc priest

Illustrated notes

Levels and vault maps discovered:
D:1:      lightli_arrival_lavapool, layout_basic
D:2:      layout_basic, shapermc_ecumenical_altar_totnotflames,
          minmay_misc_feat_doors, grunt_decor_mini_mirrors, uniq_sigmund
D:3:      layout_basic, mainiacjoe_overflow_brackets,
          nicolae_overflow_hidden_temple, serial_undead, serial_undead_e,
          serial_undead_f, serial_undead_e, serial_undead_f, serial_undead_c,
          serial_undead_e, kennysheep_generic_room_9, uniq_jessica

Skill      XL: |  1  2  3 |
---------------+----------+-----
Axes           | 2 3 |  3.3
Dodging        | 1 |  1.1
Shields        | 4 |  4.7
Fighting       | |  3.9
Armour         | |  3.8

Action                   |  1- 3 |  4- 6 || total
-------------------------+-------+-------++-------
Melee: War axe           |    87 |    19 ||   106
  Use: Scroll            |     3 |     1 ||     4
       Potion            |     4 |       ||     4
Armor: Scale mail        |    78 |     6 ||    84
Dodge: Dodged            |    43 |     7 ||    50
Block: Kite shield       |    59 |    11 ||    70

Table legend: (Time is in decaauts)
 A = Elapsed time spent in this place.
 B = Non-inter-level travel time spent in this place.
 C = Inter-level travel time spent in this place.
 D = Time resting spent in this place.
 E = Time spent auto-exploring this place.
 F = Levels seen in this place.
 G = Mean time per level.
                   A        B        C        D        E       F      G
               +--------+--------+--------+--------+--------+-----+--------+
         Total |   2267 |   2241 |     26 |    624 |   1256 |   3 |  755.7 |
       Dungeon |   2267 |   2241 |     26 |    624 |   1256 |   3 |  755.7 |
               +--------+--------+--------+--------+--------+-----+--------+

Top non-repeatable levels by time:
     D:1: 1205 daAuts
     D:2: 1033 daAuts
     D:3: 28 daAuts
